 Dungeon Crawl Stone Soup version 0.13-a0-1585-g6f4f798 (console) character file.

564 CN43 the Vexing (level 6, -5/48 HPs)
             Began as a Djinni Arcane Marksman on June 12, 2013.
             Slain by an ogre
             ... wielding a +0,+0 giant club
              (19 damage)
             ... on Level 4 of the Dungeon.
             The game lasted 00:28:40 (3591 turns).

CN43 the Vexing (Djinni Arcane Marksman)            Turns: 3591, Time: 00:28:40

HP  -5/48        AC  5     Str 12      XL: 6   Next: 13%
MP   0/0         EV 11     Int 19      God:
Gold 266         SH  0     Dex 13      Spells:  4 memorised,  1 level left

Res.Fire  : + + +   See Invis. : .   a - +2,+3 trident
Res.Cold  : . . .   Warding    : .   l - +1 leather armour {rPois}
Life Prot.: + + +   Conserve   : .   (no shield)
Res.Poison: +       Res.Corr.  : .   v - +0 helmet
Res.Elec. : .       Clarity    : .   (no cloak)
Sust.Abil.: . .     Spirit.Shd : .   (no gloves)
Res.Mut.  : .       Stasis     : .   (boots unavailable)
Res.Rott. : .       Flight     : .   (no amulet)
Saprovore : . . .                    y - +5 ring of intelligence
                                     h - ring of protection from cold

@: slightly resistant to hostile enchantments, very unstealthy
A: no striking features
a: no special abilities


You were on level 4 of the Dungeon.
You were not hungry.

You visited 1 branch of the dungeon, and saw 4 of its levels.

You collected 216 gold pieces.

Inventory:

Hand weapons
 a - a +2,+3 trident (weapon)
 f - a +3,+3 dagger
 s - a +0,+0 spear
Missiles
 b - 7 javelins (quivered)
 c - 2 throwing nets
 g - 12 darts
 k - 4 silver darts
Armour
 l - a +1 leather armour of poison resistance (worn)
 v - a +0 helmet (worn)
Magical devices
 p - a wand of slowing (15)
 r - a wand of fireball (4) {unknown}
Scrolls
 e - a scroll of amnesia
 j - 2 scrolls of remove curse
 o - 2 scrolls of teleportation
 q - a scroll of fear
 z - a scroll of identify
Jewellery
 h - a ring of protection from cold (left hand)
 y - a +5 ring of intelligence (right hand)
Potions
 i - 3 potions of speed {unknown}
 m - a potion of heal wounds {unknown}
 n - a potion of cure mutation {unknown}
 t - a potion of curing
 u - a potion of restore abilities {unknown}
 x - a potion of brilliance {unknown}
Books
 d - a book of Debilitation

   Spells                             Type                      Level
   *Corona                            Hexes                        1
   *Slow                              Hexes                        2
   *Inner Flame                       Hexes/Fire                   3
   Enslavement                        Hexes                        4
   *Cause Fear                        Hexes                        4
   Leda's Liquefaction                Hexes/Earth                  4


   Skills:
 - Level 1.0 Fighting
 * Level 2.4 Polearms
 - Level 2.0 Throwing
 - Level 2.0 Dodging
 - Level 3.0 Spellcasting
 + Level 6.6 Hexes
 * Level 2.9 Fire Magic


You had one spell level left.
You knew the following spells:

 Your Spells              Type           Power        Failure   Level  Hunger
a - Corona                Hex            ####...      1%          1    None
c - Cause Fear            Hex            ####......   12%         4    ####...
f - Inner Flame           Hex/Fire       ###.....     8%          3    ###....
s - Slow                  Hex            ####....     1%          2    ##.....


Dungeon Overview and Level Annotations

Branches:
Dungeon (4/27)
 Temple: D:4-7

Altars:
Okawaru
Trog
Zin


Message History

You hit the ogre.
The ogre is moderately wounded.
The ogre barely misses you.
You hit the ogre.
The ogre is heavily wounded.
The ogre hits you with a giant club!
You hit the ogre.
The ogre is severely wounded.
The ogre closely misses you.
You hit the ogre.
The ogre is severely wounded.
The ogre hits you with a giant club!
* * * LOW HITPOINT WARNING * * *
You hit the ogre.
The ogre is almost dead.
The ogre stops glowing.
You barely miss the ogre.
The ogre is almost dead.
The ogre hits you with a giant club!
You die...

... ..# ## .........
.......##.
...................#..
....................#..
....(...............#...
.....(..............#...
....................#.%.
#.......O............#%..
#.......@............##)#
.......................>)
....................####
...........##########
############


You could see an ogre.

Vanquished Creatures
  An ogre (D:4)
  A worker ant (D:3)
  A scorpion (D:4)
  2 adders
  A giant mite (D:4)
  An inept feature mimic (D:3)
  2 worms
  3 giant geckos
  5 oozes
  9 orcs
  15 bats
  3 giant cockroaches
  17 goblins
  9 hobgoblins
  12 jackals
  3 quokkas
  A ball python (D:3)
  9 giant newts
  16 kobolds
  A kobold skeleton (D:4)
  5 rats
117 creatures vanquished.

Notes
Turn   | Place    | Note
--------------------------------------------------------------
     0 | D:1      | CN43, the Djinni Arcane Marksman, began the quest for the Orb.
     0 | D:1      | Reached XP level 1. HP: 14/14 MP: 0/0
   183 | D:1      | Reached skill level 1 in Fighting
   188 | D:1      | Reached XP level 2. EP: 18/21
   192 | D:1      | Learned a level 2 spell: Slow
   204 | D:1      | Reached skill level 4 in Hexes
   569 | D:1      | HP: 1/21 [hobgoblin/club (7)]
   597 | D:1      | Reached XP level 3. EP: 14/28
   606 | D:1      | Learned a level 3 spell: Inner Flame
  1330 | D:2      | Found a glowing silver altar of Zin.
  1416 | D:2      | Reached skill level 1 in Fire Magic
  1762 | D:2      | Reached skill level 5 in Hexes
  1762 | D:2      | Reached XP level 4. EP: 22/35
  2694 | D:3      | Found an iron altar of Okawaru.
  2757 | D:3      | Reached XP level 5. EP: 33/41
  2763 | D:3      | Learned a level 4 spell: Cause Fear
  3064 | D:4      | Noticed an ogre
  3074 | D:4      | Reached skill level 6 in Hexes
  3075 | D:4      | Killed an ogre
  3075 | D:4      | Reached skill level 1 in Polearms
  3167 | D:4      | Reached XP level 6. EP: 45/48
  3388 | D:4      | Noticed a moth of wrath
  3393 | D:4      | Found a bloodstained altar of Trog.
  3580 | D:4      | Noticed an ogre
  3591 | D:4      | Slain by an ogre

Action                   |  1- 3 |  4- 6 || total
-------------------------+-------+-------++-------
Melee: Dagger            |    87 |    24 ||   111
       Trident           |       |    87 ||    87
       Spear             |       |    11 ||    11
Throw: Javelin           |    29 |    35 ||    64
       Dart              |    44 |     5 ||    49
 Cast: Corona            |    20 |    18 ||    38
       Inner Flame       |     1 |     7 ||     8
       Slow              |       |     1 ||     1
Evoke: Wand              |       |     4 ||     4
  Use: Potion            |     1 |     1 ||     2
       Scroll            |     2 |     6 ||     8
